 Dungeon Crawl Stone Soup version 0.30.1-11-g7821555f0a (webtiles) character file.

Game seed: 11673068996832787820

31 jagang the Trooper (level 3, 0/29 HPs)
             Began as a Human Monk on Jan 10, 2024.
             Slain by a gnoll
             ... wielding a +0 spear
              (1 damage)
             ... on level 2 of the Dungeon.
             The game lasted 00:02:05 (827 turns).

jagang the Trooper (Human Monk)                      Turns: 827, Time: 00:02:06

Health: 0/29       AC:  5    Str: 11    XL:     3   Next: 40%
Magic:  3/3        EV: 11    Int: 10    God:
Gold:   60         SH:  0    Dex: 17    Spells: 2/2 levels left

rFire   . . .        a - +0 falchion
rCold   . . .        d - orb {light}
rNeg    . . .        l - +0 ring mail
rPois   .            (no helmet)
rElec   .            (no cloak)
rCorr   .            (no gloves)
SInv    .            (no boots)
Will    .....        (no amulet)
Stlth   +            (no ring)
HPRegen 0.24/turn    (no ring)
MPRegen 0.08/turn

%: no passive effects
@: glowing
A: no striking features
a: no special abilities


You were on level 2 of the Dungeon.
You visited 1 branch of the dungeon, and saw 2 of its levels.

You collected 60 gold pieces.

Inventory:

Hand Weapons
 a - a +0 falchion (weapon)
Missiles
 i - 4 poisoned darts (quivered)
Armour
 d - an orb of light (worn)
 l - a +0 ring mail (worn)
Scrolls
 e - a scroll of magic mapping
 h - a scroll of fog
 j - a scroll of fear
 k - a scroll of enchant armour
Potions
 c - a potion of ambrosia
 f - 2 potions of curing {unknown}
 m - a potion of brilliance {unknown}


   Skills:
 * Level 3.4 Fighting
 * Level 3.4 Long Blades
 * Level 1.4 Armour
 - Level 3.0 Dodging


You had 2 spell levels left.
You didn't know any spells.
Your spell library was empty.

Dungeon Overview and Level Annotations

Branches:
Dungeon (2/15)

Altars:

Shops:
D:1 (:


Message History

You struggle against the net.
The gnoll barely misses you.
The gnoll hits you from afar with a +0 spear.
You rip the net and break free!
The gnoll closely misses you. The gnoll hits you but does no damage.
You hit the gnoll but do no damage. The gnoll barely misses you.
The gnoll hits you from afar with a +0 spear!
You hit the gnoll.
The gnoll is moderately wounded.
The gnoll barely misses you. The gnoll closely misses you.
You hit the gnoll.
The gnoll is heavily wounded.
The gnoll hits you with a +0 flail.
The gnoll hits you from afar with a +0 spear.
You completely miss the gnoll.
The gnoll is heavily wounded.
The gnoll barely misses you.
The gnoll hits you from afar with a +0 spear.
* * * LOW HITPOINT WARNING * * *
You hit the gnoll.
You kill the gnoll!
The gnoll closely misses you. The gnoll closely misses you.
Things that are here:
a +0 flail; a gnoll corpse You hit the gnoll.
The gnoll is lightly wounded.
The gnoll hits you but does no damage.
You hit the gnoll but do no damage.
The gnoll is lightly wounded.
The gnoll hits you with a +0 spear.
* * * LOW HITPOINT WARNING * * *
You completely miss the gnoll.
The gnoll is lightly wounded.
The gnoll hits you with a +0 spear.
* * * LOW HITPOINT WARNING * * *
The gnoll closely misses you.
You hit the gnoll.
The gnoll is lightly wounded.
The gnoll hits you with a +0 spear.
You die...

#.#.# #.#.# $....
#.#.# ..... # #.#.#
##. #.#.#
###...###.#.#######.#
....(gg@..........#.#
...#..###########.#.#
#. #.#.# #
#######'#.#
..........#
..........#
..........#
#######'#.# #.#.#


You could see 2 gnolls.

Vanquished Creatures
  A gnoll (D:2)
  An endoplasm (D:1)
  4 giant cockroaches (D:1)
  6 hobgoblins (D:1)
  A quokka (D:1)
  A bat (D:2)
  4 frilled lizards (D:1)
  2 goblins (D:1)
  A rat (D:1)
21 creatures vanquished.

Notes
Turn   | Place    | Note
-------+----------+-------------------------------------------
     0 | D:1      | jagang the Human Monk began the quest for the Orb.
     0 | D:1      | Reached XP level 1. HP: 18/18 MP: 1/1
   112 | D:1      | Reached XP level 2. HP: 17/24 MP: 2/2
   278 | D:1      | Reached skill level 1 in Armour
   330 | D:1      | Found a faded altar of an unknown god.
   403 | D:1      | Found Meicw's Book Shoppe.
   456 | D:1      | Reached XP level 3. HP: 29/29 MP: 3/3
   650 | D:1      | Found Titon's Weapon Shop.
   826 | D:2      | HP: 1/29 [gnoll/+0 spear (1)]
   827 | D:2      | Slain by a gnoll

Illustrated notes

Levels and vault maps discovered:
D:1:      sevenhm_arrival_forest_fort_large_4, layout_basic,
          shapermc_ecumenical_altar_mp_highgroup, serial_shops, shop,
          nicolae_shop_bloodbath_and_beyond, minmay_pentomino_x4
D:2:      layout_basic, serial_shops, shop, basic_altar

Skill      XL: |  1  2 |
---------------+-------+-----
Armour         | 1 |  1.4
Fighting       | |  3.4
Long Blades    | |  3.4
Dodging        | |  3.0

Action                     || total
---------------------------++-------
  Melee: Falchion          ||    64
  Throw: Dart              ||     1
    Use: Scroll            ||     4
   Stab: Sleeping          ||     1
 Armour: Robe              ||     7
         Ring mail         ||     3
  Dodge: Dodged            ||    46
